General information
- name: 1on1 skilled + obs #7
- type: Custom game
- host: ReLLiK-
- saver: omgwtfdude
map: EchoIsles
- players: 9
- length: 19:05
- speed: Fast
- version: 1.26 W3XP
- replay type: Public
» download(170 KB)
Players
team 1 (winner)
ImYourGoal (
blue | 203 APM | 3875 actions | 19:05)
4 Demon Hunter
2 Evasion
2 Mana Burn
5 Pandaren Brewmaster
3 Breath of Fire
2 Drunken Haze
» actions
| Assign group hotkey | 80 | |
| Basic commands | 168 | |
| Build / train | 97 | |
| ESC pressed | 8 | |
| Enter build submenu | 19 | |
| Enter hero's abilities submenu | 10 | |
| Give item / drop item | 11 | |
| Right click | 1124 | |
| Select / deselect | 490 | |
| Select group hotkey | 1723 | |
| Use ability | 145 | |
3875 total
» units
| Wisp | 32 | |
| Archer | 3 | |
| Druid of the Claw | 5 | |
| Dryad | 11 | |
| Druid of the Talon | 2 | |
| Hippogryph | 5 | |
58 total
» upgrades
| Strength of the Wild | 1 | |
| Druid of the Claw Training | 2 | |
| Reinforced Hides | 2 | |
5 total
» buildings
| Altar of Elders | 1 | |
| Moon Well | 6 | |
| Ancient of War | 2 | |
| Tree of Ages | 2 | |
| Hunter's Hall | 1 | |
| Ancient of Wonders | 2 | |
| Ancient of Lore | 2 | |
| Tree of Eternity | 1 | |
| Tree of Life | 1 | |
| Ancient of Wind | 1 | |
19 total
» build order
00:03 Altar of Elders
00:17 Moon Well
00:36 Ancient of War
00:36 Ancient of War
01:33 Moon Well
02:46 Tree of Ages
02:46 Tree of Ages
03:12 Moon Well
03:40 Hunter's Hall
05:43 Ancient of Wonders
06:01 Ancient of Lore
06:03 Ancient of Lore
06:07 Tree of Eternity
07:22 Moon Well
09:35 Ancient of Wonders
10:28 Tree of Life
12:26 Moon Well
14:04 Moon Well
15:07 Ancient of Wind
» items
| Boots of Speed | 1 | |
| Staff of Teleportation | 1 | |
| Staff of Preservation | 2 | |
| Potion of Healing | 5 | |
| Lesser Clarity Potion | 2 | |
| Orb of Venom | 1 | |
| Scroll of Town Portal | 2 | |
14 total
team 2 (loser)

»
omgwtfdude (
red | 151 APM | 2877 actions | 19:05)
4 Death Knight
2 Death Coil
2 Unholy Aura
3 Lich
2 Frost Nova
1 Frost Armor
2 Crypt Lord
1 Impale
1 Spiked Carapace
» actions
| Assign group hotkey | 88 | |
| Basic commands | 7 | |
| Build / train | 66 | |
| ESC pressed | 3 | |
| Enter build submenu | 17 | |
| Enter hero's abilities submenu | 9 | |
| Give item / drop item | 6 | |
| Right click | 987 | |
| Select / deselect | 727 | |
| Select group hotkey | 840 | |
| Use ability | 127 | |
2877 total
» units
| Acolyte | 12 | |
| Ghoul | 3 | |
| Crypt Fiend | 13 | |
| Obsidian Statue | 7 | |
35 total
» upgrades
| Burrow | 1 | |
| Creature Attack | 1 | |
| Destroyer Form | 1 | |
| Creature Carapace | 1 | |
| Disease Cloud | 1 | |
| Web | 1 | |
6 total
» buildings
| Crypt | 2 | |
| Graveyard | 2 | |
| Altar of Darkness | 1 | |
| Ziggurat | 5 | |
| Tomb of Relics | 1 | |
| Halls of the Dead | 1 | |
| Nerubian Tower | 1 | |
| Black Citadel | 1 | |
| Slaughterhouse | 1 | |
| Necropolis | 1 | |
16 total
» build order
00:05 Crypt
00:08 Graveyard
00:09 Crypt
00:12 Graveyard
00:41 Altar of Darkness
00:57 Ziggurat
01:22 Tomb of Relics
02:03 Ziggurat
03:54 Halls of the Dead
04:48 Ziggurat
04:50 Nerubian Tower
06:39 Black Citadel
07:17 Ziggurat
08:16 Slaughterhouse
13:08 Necropolis
13:17 Ziggurat
» items
| Rod of Necromancy | 3 | |
| Dust of Appearance | 1 | |
| Potion of Healing | 1 | |
| Orb of Corruption | 1 | |
| Scroll of Town Portal | 2 | |
| Potion of Lesser Invulnerability | 1 | |
9 total
observersReLLiK-,
KiymairA,
imbalanced-orc,
ardelynn,
aarnes5,
goe_jee,
TheCruel[Nature Chat log
(00:24 / All) ImYourGoal: gghf
(00:27 / All) omgwtfdude: glgl
(19:04 / All) omgwtfdude: Gg